 Dungeon Crawl Stone Soup version 0.29.1-15-g9cfb28693d (webtiles) character file.

Game seed: 7863880862360118227

55 Barneous the Chucker (level 3, -3/21 HPs)
             Began as an Octopode Wanderer on Mar 13, 2023.
             Slain by a gnoll
             ... wielding a +0 club
              (6 damage)
             ... on level 2 of the Dungeon.
             The game lasted 00:04:23 (1275 turns).

Barneous the Chucker (Octopode Wanderer)            Turns: 1275, Time: 00:04:24

Health: -3/21      AC:  1    Str:  8    XL:     3   Next: 93%
Magic:  5/5        EV: 11    Int: 16    God:
Gold:   66         SH:  9    Dex: 14    Spells: 3/4 levels left

rFire   . . .      SeeInvis .   f - +2 dagger (vamp)
rCold   . . .      Faith    .   c - +0 buckler
rNeg    . . .      Spirit   .   (helmet restricted)
rPois   .          Reflect  +   i - amulet of reflection
rElec   .          Harm     .   (no ring)
rCorr   .          Rampage  .   (no ring)
Will    .....                   (no ring)
Stlth   ++........              (no ring)
HPRegen 0.07/turn               (no ring)
MPRegen 0.09/turn               (no ring)
                                (no ring)
                                (no ring)

@: no status effects
A: almost no armour, amphibious, 8 rings, camouflage 1, gelatinous body 1,
(nimble swimmer 1), tentacles
a: no special abilities


You were on level 2 of the Dungeon.
You visited 1 branch of the dungeon, and saw 2 of its levels.

You collected 66 gold pieces.

Inventory:

Hand Weapons
 a - a +0 dagger
 f - a +2 vampiric dagger (weapon)
Missiles
 b - a curare-tipped dart
Armour
 c - a +0 buckler (worn)
Jewellery
 i - an amulet of reflection (around mantle)
Scrolls
 g - a scroll of brand weapon {unknown}
 h - a scroll of teleportation
Potions
 d - a potion of attraction
 e - a potion of magic


   Skills:
 + Level 1.1 Short Blades
 + Level 5.2 Throwing
 + Level 1.6 Shields
 + Level 1.4 Spellcasting
 + Level 2.4 Conjurations
 + Level 2.0 Evocations


You had 3 spell levels left.
You knew the following spells:

 Your Spells              Type           Power      Damage    Failure   Level
a - Foxfire               Conj/Fire      20%        2x1d5     19%         1

Your spell library contained the following spells:

 Spells                   Type           Power      Damage    Failure   Level
 Stone Arrow              Conj/Erth      10%        3d7       47%         3


Dungeon Overview and Level Annotations

Branches:
Dungeon (2/15)

Altars:


Innate Abilities, Weirdness & Mutations

You cannot wear most types of armour.
You are amphibious.
You can wear up to eight rings at the same time.
Your skin changes colour to match your surroundings (Stealth+).
Your rubbery body absorbs attacks. (AC +1, EV +1)
((You are camouflaged when in or above water. (Stealth+)))
You have tentacles for arms and can constrict up to eight enemies at once.


Message History

The gnoll shouts! x3
You hit the gnoll but do no damage. Your grab misses the gnoll.
Your squeeze misses the gnoll.
The adder hisses angrily.
A hobgoblin comes into view.
The gnoll hits you with a +0 whip. The gnoll barely misses you.
The adder misses you. The gnoll attacks as you move away!
The gnoll hits you with a +0 whip. The gnoll closely misses you.
The adder bites you.
You closely miss the gnoll. You grab the gnoll. You squeeze the gnoll!
The gnoll is heavily wounded.
You constrict the gnoll, but do no damage.
You block the adder's attack. The gnoll closely misses you.
You block the adder's attack.
You hit the gnoll.
You feel better.
You squeeze the gnoll.
You kill the gnoll!
The adder closely misses you.
Your Evocations skill increases to level 2!
You hit the adder.
You feel better.
Your grab misses the adder.
The adder is moderately wounded.
The adder bites you.
You barely miss the adder. Your grab misses the adder.
The adder is moderately wounded.
The adder completely misses you. The gnoll closely misses you.
The gnoll hits you from afar with a +0 spear!
* * * LOW HITPOINT WARNING * * *
You block the adder's attack.
You hit the gnoll.
You feel better.
Your grab misses the gnoll.
The gnoll is moderately wounded.
You block the gnoll's attack.
The gnoll hits you from afar with a +0 spear.
* * * LOW HITPOINT WARNING * * *
The gnoll completely misses you. The adder closely misses you.
The gnoll barely misses you. You block the gnoll's attack.
The adder barely misses you. The adder attacks as you move away!
The adder barely misses you. The gnoll hits you with a +0 club.
You die...

..............# ...
#............# #####..##
#######...........#. #........
#?...........†....#. #........
#.........g.......#.##........
.....!......#######.##........
........###gB## #.##........
........# ##gS#####.##........
........# ##@##.......##..###
g.......# #.##.......#...#
........# #............#.#
........# #...........##.#
........# #.#<..#+###.##.#
#.#...#.###.##.#
#.#.#>..†...##)#
#.#(###.######.# #.#.# #.# #.#


You could see 3 gnolls, an adder and a giant cockroach.

Vanquished Creatures
  A gnoll (D:2)
  An adder (D:2)
  A worm (D:2)
  A dart slug (D:1)
  2 ball pythons (D:1)
  4 endoplasms (D:1)
  A giant cockroach (D:1)
  2 goblins (D:1)
  2 hobgoblins (D:1)
  2 jackals (D:1)
  4 kobolds
  A quokka (D:1)
  3 bats
  A frilled lizard (D:1)
  4 rats
30 creatures vanquished.

Vanquished Creatures (others)
  6 foxfires (D:1)
6 creatures vanquished.

Grand Total: 36 creatures vanquished

Notes
Turn   | Place    | Note
-------+----------+-------------------------------------------
     0 | D:1      | Barneous the Octopode Wanderer began the quest for the Orb.
     0 | D:1      | Barneous set off with the following items: a +2 dagger, a
                  | curare-tipped dart, a +0 buckler, a potion of attraction;
                  | and the following spell memorised: Foxfire; and the
                  | following spells available to memorise: Stone Arrow.
     0 | D:1      | Reached XP level 1. HP: 11/11 MP: 2/2
   239 | D:1      | Reached XP level 2. HP: 14/17 MP: 1/3
   848 | D:1      | Reached XP level 3. HP: 21/21 MP: 4/4
  1185 | D:2      | Reached skill level 1 in Short Blades
  1275 | D:2      | Slain by a gnoll

Illustrated notes

Levels and vault maps discovered:
D:1:      dpeg_arrival_houses_and_road, layout_rooms, chequers_garden,
          amethyst_killhole, minmay_tetromino_t2
D:2:      layout_basic

Skill      XL: |  1  2  3 |
---------------+----------+-----
Short Blades   | 1 |  1.1
Evocations     | 2 |  2.0
Throwing       | |  5.2
Shields        | |  1.6
Spellcasting   | |  1.4
Conjurations   | |  2.4

Action                   || total
-------------------------++-------
Melee: Dagger            ||    59
       Tentacles         ||    15
       Constrict         ||    11
       Punch             ||     1
Throw: Dart              ||     1
 Cast: Foxfire           ||     4
  Use: Scroll            ||     3
       Potion            ||     1
 Stab: Sleeping          ||     4
Armor: Skin              ||     7
Dodge: Dodged            ||    32
Block: Buckler           ||    12
